cohdb
Replays
Latest Replays
All Replays
Popular Replays
Top Player Replays
Match Explorer
How It Works
Community
CoH3 Stats
Reddit
Sign in to upload your games and track your stats! →
Sign in with Steam
Match 46210931
Unlisted
Match 46210931
Overview
Messages
Build Orders
End
Construct Infanterie Kompanie
Selects Luftwaffe Battlegroup
Kettenkrad Recon Vehicle
MG 42 Machine Gun Team
Grenadier Squad
Construct Panzergrenadier Kompanie
Selects Stuka Strafing Run
Stuka Strafing Run
Panzergrenadier Officer Quarters
Support Elements
Selects Fallschirmjäger Squad Paradrop
Fallschirmjäger Squad Paradrop
StuG III G Assault Gun
Fallschirmjäger Squad Paradrop
Selects Luftwaffe Pioneer Support
Selects Flak 38 Anti-Air Emplacement
StuG III G Assault Gun
Side Skirts
Pioneer Squad
Stuka Strafing Run
Construct Panzer Kompanie
Selects Stuka Loiter
Kettenkrad Recon Vehicle
MG 42 Bunker
Medical Station
Sturmpanzer IV Brummbär
Stuka Loiter
Repair Bunker
Kettenkrad Recon Vehicle
Selects Flak 36 Anti-tank Gun Emplacement
Stuka Strafing Run
Panzer IV Medium Tank
StuG III G Assault Gun
StuG III G Assault Gun
Stoßtruppen Squad
Pioneer Squad
Kampfstärke
Fookin' Laser Sights
BES2
皮諾可這個直接電死
Svenious Jakobus (GB)
Alekel
Alika-v
rune41
0
0
Comments
sign in to comment!
No comments posted yet!